 Seeded DCSS version 0.30.1-9-gdf580d7c3d (webtiles) character file.

Game seed: 920673320228942481 (custom seed)

4 Psyclone the Conjurer (level 1, 10/10 HPs)
             Began as a Deep Elf Conjurer on Oct 9, 2023.
             Quit the game on level 4 of the Dungeon.
             The game lasted 00:00:47 (179 turns).

Psyclone the Conjurer (Deep Elf Conjurer)            Turns: 179, Time: 00:00:48

Health: 10/10      AC:  2    Str:  4    XL:     1   Next: 50%
Magic:  6/6        EV: 12    Int: 22    God:
Gold:   0          SH:  0    Dex: 13    Spells: 5/6 levels left

rFire   . . .        (no weapon)
rCold   . . .        (no shield)
rNeg    . . .        a - +0 robe
rPois   .            (no helmet)
rElec   .            (no cloak)
rCorr   .            (no gloves)
SInv    .            (no boots)
Will    .....        (no amulet)
Stlth   ++           (no ring)
HPRegen 0.21/turn    (no ring)
MPRegen 0.10/turn

%: no passive effects
@: no status effects
A: no striking features
a: no special abilities


You were on level 4 of the Dungeon.
You visited 1 branch of the dungeon, and saw 4 of its levels.

Inventory:

Armour
 a - a +0 robe (worn)
Scrolls
 c - 3 scrolls of acquirement {unknown}
Potions
 b - a potion of magic
 d - a potion of lignification {unknown}


   Skills:
 - Level 2.4 Dodging
 - Level 2.4 Stealth
 - Level 3.0 Spellcasting
 + Level 4.6 Conjurations


You had 5 spell levels left.
You knew the following spells:

 Your Spells              Type           Power      Damage    Failure   Level
a - Magic Dart            Conj           92%        1d7       1%          1

Your spell library contained the following spells:

 Spells                   Type           Power      Damage    Failure   Level
 Searing Ray              Conj           46%        2d6       2%          2
 Dazzling Flash           Conj/Hex       26%        N/A       14%         3
 Fulminant Prism          Conj/Hex       6%         3d7       43%         4
 Iskenderun's Mystic Bla  Conj/Tloc      13%        2d5       43%         4


Dungeon Overview and Level Annotations

Branches:
Dungeon (4/15) Zot: 23821
 Temple: D:4-7

Altars:


Message History

Press: ? - help, Shift-Dir - straight line, f/p - endoplasm
Aim: an endoplasm (moderately wounded, 100% to hit)
The magic dart hits the endoplasm!
You kill the endoplasm!
You now have 3/6 mp.
A kobold comes into view. It is wielding a +0 short sword.
Casting: Magic Dart (safe; 1% risk of failure)
Confirm with . or Enter, or press ? or * to list all spells.
Aiming: Magic Dart (safe; 1% risk of failure)
Press: ? - help, Shift-Dir - straight line, f - kobold
Aim: a kobold, wielding a +0 short sword (asleep, 100% to hit)
The magic dart hits the kobold.
You kill the kobold!
You now have 2/6 mp.
Found a ring mail.
Found a robe.
You see here a +0 robe.
Found a plate armour.
Found a stone staircase leading down.
An orc wizard and 2 orcs come into view.
The orc wizard is wielding a +1 dagger of venom.
Found 9 stones.
The orc wizard shouts!
The orc shouts! x2
A scorpion comes into view.
You see here a +0 plate armour.
The orc attacks as you move away! The orc closely misses you.
The orc attacks as you move away! The orc barely misses you.
The orc attacks as you move away! The orc barely misses you.
The orc attacks as you move away! The orc hits you with a +0 dagger.
You take 1 damage, and have 9/10 hp.
The orc attacks as you move away! The orc misses you.
The orc closely misses you.
MP restored: 6 Health restored: 10 The orc attacks as you move away!
The orc hits you but does no damage. The orc attacks as you move away!
The orc barely misses you.
You see here a +0 robe.
Unknown command.
Unknown command.
Are you sure you want to abandon this character and quit the game? (Confirm with "yes".)

#.## #.# #.s#####
#.# ##o...s## #.#
#####..## #.# ##o.#
###### #.#
##o####....#####.#
#...#...........#
###o#..##.#####...#
#.@..##.)....##.#
#...[.######### ..#
#.##.## ## #. #.#
#. #.. #. #..# #.
#... #.###


You could see a scorpion, an orc wizard and 2 orcs.

Vanquished Creatures
  2 endoplasms
  A ball python (D:1)
  A kobold (D:4)
4 creatures vanquished.

Notes
Turn   | Place    | Note
-------+----------+-------------------------------------------
     0 | D:1      | Psyclone the Deep Elf Conjurer began the quest for the Orb.
     0 | D:1      | Reached XP level 1. HP: 10/10 MP: 6/6
   160 | D:4      | Noticed an orc wizard
   160 | D:4      | Noticed a scorpion
   179 | D:4      | Quit the game

Illustrated notes

Levels and vault maps discovered:
D:1:      dpeg_arrival_orchard, layout_basic
D:2:      layout_loops_corners, uniq_natasha, uniq_crazy_yiuf_cottage
D:3:      layout_basic, serial_shops, nicolae_shop_stone, shop
D:4:      layout_basic, nicolae_figureground_sparkle, uniq_sigmund, uniq_robin,
          uniq_blork_the_orc

Action                     || total
---------------------------++-------
   Cast: Magic Dart        ||     7
 Armour: Robe              ||     1
  Dodge: Dodged            ||     6
